[Event "ICC tourney 2163 (75 10)"]
[Site "Internet Chess Club"]
[Date "2020.11.27"]
[Round "2"]
[White "ShadowApt"]
[Black "MiamiBoy"]
[Result "0-1"]
[ICCResult "White resigns"]
[WhiteElo "2110"]
[BlackElo "2251"]
[Opening "Ruy Lopez: Wormald (Alapin) attack"]
[ECO "C77"]
[NIC "RL.12"]
[Time "14:46:27"]
[PlyCount "100"]
[TimeControl "4500+10"]


1. e4 e5 2. Nf3 Nc6 3. Bb5 a6 4. Ba4 Nf6 5. Qe2 b5 6. Bb3 Bc5 7. d3 O-O 8.
O-O d6 9. Be3 Bxe3 10. fxe3 Na5 11. Nbd2 h6 12. h3 Bd7 13. Rf2 c6 14. Nf1
Nb7 15. Ng3 Nc5 16. Raf1 Kh7 17. Nh4 Ng4 18. hxg4 Qxh4 19. Nf5 Qg5 20. Rf3
a5 21. a3 d5 22. exd5 Nxb3 23. cxb3 cxd5 24. Rh3 f6 25. Rh5 Qg6 26. Qf3
Rad8 27. d4 Rfe8 28. Kf2 Rc8 29. Rfh1 Rc2+ 30. Kg3 Bxf5 31. Rxf5 exd4 32.
exd4 Ree2 33. Rh2 Rxb2 34. Qxd5 b4 35. a4 Rbd2 36. Qxa5 Re4 37. Rh4 Rexd4
38. Rf3 Qe8 39. Qf5+ Kg8 40. Rh1 Rd5 41. Qf4 R2d4 42. Qc7 Rg5 43. Rh4 h5
44. Kh2 Rdxg4 45. Rxg4 hxg4 46. Rf1 Rh5+ 47. Kg1 Qe3+ 48. Rf2 g3 49. Qc8+
Kh7 50. Qf5+ Rxf5 { White resigns } 0-1

[Event "ICC tourney 2163 (75 10)"]
[Site "Internet Chess Club"]
[Date "2020.11.27"]
[Round "2"]
[White "Gfprasanna"]
[Black "PawnEatingZombi"]
[Result "1/2-1/2"]
[ICCResult "Game drawn by mutual agreement"]
[WhiteElo "2135"]
[BlackElo "2219"]
[Opening "Caro-Kann: advance variation"]
[ECO "B12"]
[NIC "CK.04"]
[Time "14:46:23"]
[PlyCount "66"]
[TimeControl "4500+10"]


1. e4 c6 2. d4 d5 3. e5 Bf5 4. h4 h5 5. Bd3 Bxd3 6. Qxd3 Qa5+ 7. c3 e6 8.
Ne2 Qa6 9. Qxa6 Nxa6 10. Be3 Ne7 11. Ng3 Nf5 12. Nxf5 exf5 13. Nd2 Nc7 14.
Nf3 Ne6 15. Ng5 Be7 16. Nxe6 fxe6 17. Bg5 Kf7 18. Bxe7 Kxe7 19. f4 a5 20.
a4 Rhc8 21. O-O-O c5 22. dxc5 Rxc5 23. Rd4 b5 24. axb5 Rxb5 25. Kc2 Rab8
26. Rb1 R8b7 27. g3 Kd7 28. Ra4 Kc6 29. Rd4 Kc5 30. Ra4 Rb8 31. b3 Kc6 32.
Rb2 R8b7 33. Rb1 Rb8 { Game drawn by mutual agreement } 1/2-1/2

[Event "ICC tourney 2163 (75 10)"]
[Site "Internet Chess Club"]
[Date "2020.11.27"]
[Round "2"]
[White "binomialfactor"]
[Black "sathviks"]
[Result "1-0"]
[ICCResult "Black resigns"]
[WhiteElo "2171"]
[BlackElo "2243"]
[Opening "King's Indian: 6.Be2"]
[ECO "E91"]
[NIC "KI.19"]
[Time "14:46:47"]
[PlyCount "73"]
[TimeControl "4500+10"]


1. d4 Nf6 2. c4 g6 3. Nc3 Bg7 4. e4 d6 5. Nf3 O-O 6. Be2 Nc6 7. d5 Nb8 8.
O-O e5 9. Bg5 h6 10. Bh4 g5 11. Bg3 Nh5 12. Nd2 Nxg3 13. hxg3 Nd7 14. b4
Nf6 15. Rc1 Ne8 16. c5 f5 17. exf5 Bxf5 18. Nde4 a5 19. a3 Nf6 20. Bd3 axb4
21. Nxf6+ Qxf6 22. axb4 Rfd8 23. Bxf5 Qxf5 24. cxd6 cxd6 25. Nb5 Ra2 26.
Nc7 Rf8 27. Ne6 Rf7 28. g4 Qe4 29. Rc8+ Bf8 30. Nd8 Rf4 31. Ne6 Rf6 32. Qc1
Qxg4 33. Rxf8+ Rxf8 34. Qc7 Rf7 35. Qc8+ Kh7 36. Nf8+ Rxf8 37. Qxg4 { Black
resigns } 1-0

[Event "ICC tourney 2163 (75 10)"]
[Site "Internet Chess Club"]
[Date "2020.11.27"]
[Round "2"]
[White "NyzhnykIllia"]
[Black "Gukesh"]
[Result "1/2-1/2"]
[ICCResult "Game drawn by mutual agreement"]
[WhiteElo "2729"]
[BlackElo "2613"]
[Opening "Catalan: open, 5.Qa4"]
[ECO "E02"]
[NIC "CA.02"]
[Time "14:46:39"]
[PlyCount "68"]
[TimeControl "4500+10"]


1. c4 e6 2. g3 d5 3. Bg2 Nf6 4. d4 dxc4 5. Qa4+ Nbd7 6. Nf3 a6 7. Nc3 Rb8
8. Qxc4 b5 9. Qd3 Bb7 10. Bf4 Bd6 11. O-O Bxf4 12. gxf4 c5 13. dxc5 Nxc5
14. Qe3 Qe7 15. b4 Ncd7 16. a3 O-O 17. Rfd1 Rfc8 18. Rac1 Bxf3 19. Qxf3 Nb6
20. e4 e5 21. fxe5 Qxe5 22. Qg3 Qxg3 23. hxg3 Nc4 24. Nd5 Kf8 25. Bh3 Rd8
26. Nc7 Nxe4 27. Nxa6 Rxd1+ 28. Rxd1 Rb7 29. Bg2 Ra7 30. Bxe4 Rxa6 31. Rd7
Ke8 32. Rc7 Nd6 33. Bc6+ Kf8 34. Kg2 h5 { Game drawn by mutual agreement }
1/2-1/2

[Event "ICC tourney 2163 (75 10)"]
[Site "Internet Chess Club"]
[Date "2020.11.27"]
[Round "2"]
[White "SkyAngel"]
[Black "Openyagami"]
[Result "0-1"]
[ICCResult "White resigns"]
[WhiteElo "2189"]
[BlackElo "2593"]
[Opening "Sicilian: Nimzovich-Rossolimo attack (with ...g6, without ...d6)"]
[ECO "B31"]
[NIC "SI.31"]
[Time "14:46:23"]
[PlyCount "98"]
[TimeControl "4500+10"]


1. e4 c5 2. Nf3 Nc6 3. Bb5 g6 4. Bxc6 dxc6 5. d3 Bg7 6. h3 b6 7. Nc3 Nh6 8.
Be3 f6 9. Qd2 Nf7 10. O-O e5 11. Nh2 O-O 12. f4 exf4 13. Bxf4 Be6 14. Rae1
Qd7 15. Nf3 Rad8 16. a4 a5 17. Be3 Qc7 18. Qf2 Bc8 19. Nd2 Ba6 20. Bf4 Qd7
21. Qg3 Qb7 22. h4 Rd7 23. h5 g5 24. Be3 Qb8 25. Qxb8 Rxb8 26. Ne2 Nh6 27.
Ng3 Re7 28. b3 Bc8 29. Nc4 Re6 30. Bd2 Bd7 31. Bc3 Be8 32. Rf3 Ng4 33. Ref1
Bf7 34. e5 b5 35. exf6 Bf8 36. Nxa5 c4 37. Ne4 h6 38. axb5 cxd3 39. cxd3
Rxb5 40. Nc4 Rxb3 41. Rg3 Rxe4 42. dxe4 Bc5+ 43. Kh1 Nf2+ 44. Rxf2 Bxf2 45.
Rd3 Bxc4 46. Rd8+ Kf7 47. Rd7+ Ke8 48. Re7+ Kf8 49. Bd2 Bg3 { White resigns
} 0-1

[Event "ICC tourney 2163 (75 10)"]
[Site "Internet Chess Club"]
[Date "2020.11.27"]
[Round "2"]
[White "nithin"]
[Black "Chessking2008"]
[Result "1/2-1/2"]
[ICCResult "Game drawn by mutual agreement"]
[WhiteElo "2250"]
[BlackElo "2191"]
[Opening "QGD: Tarrasch, Prague variation"]
[ECO "D33"]
[NIC "QP.11"]
[Time "14:46:40"]
[PlyCount "103"]
[TimeControl "4500+10"]


1. Nf3 Nf6 2. c4 c5 3. Nc3 e6 4. g3 d5 5. cxd5 exd5 6. d4 Nc6 7. Bg2 cxd4
8. Nxd4 Bc5 9. Nb3 Bb4 10. O-O Bxc3 11. bxc3 O-O 12. Qc2 Be6 13. Nc5 b6 14.
Nxe6 fxe6 15. c4 Rc8 16. cxd5 Nxd5 17. Qe4 Qf6 18. Bg5 Qf7 19. Rac1 h6 20.
Bd2 Nf6 21. Qa4 Ne5 22. Bc3 Rc4 23. Qb3 Rfc8 24. Bb2 Rxc1 25. Rxc1 Rxc1+
26. Bxc1 Ned7 27. Bh3 Nc5 28. Qe3 Nd5 29. Qe5 Qf6 30. Bb2 Qxe5 31. Bxe5 Kf7
32. Bb8 a6 33. e3 b5 34. Bg2 a5 35. Ba7 Nd7 36. Bf1 b4 37. Bb5 N5b6 38. Kf1
a4 39. Ke2 a3 40. Bd3 b3 41. Bb1 Nd5 42. Kd2 Nb4 43. Bd4 Nxa2 44. Bxa2 bxa2
45. f3 h5 46. Ba1 g5 47. Kc2 Nc5 48. Kc3 g4 49. fxg4 hxg4 50. Kb4 Ne4 51.
Kxa3 Nd2 52. Kxa2 { Game drawn by mutual agreement } 1/2-1/2

[Event "ICC tourney 2163 (75 10)"]
[Site "Internet Chess Club"]
[Date "2020.11.27"]
[Round "2"]
[White "Aleksandrov73"]
[Black "creepycrawlies"]
[Result "1-0"]
[ICCResult "Black resigns"]
[WhiteElo "2634"]
[BlackElo "2159"]
[Opening "QGD Slav defense"]
[ECO "D10"]
[NIC "SL.01"]
[Time "14:47:06"]
[PlyCount "79"]
[TimeControl "4500+10"]


1. d4 d5 2. c4 c6 3. Nc3 Nf6 4. e3 Bf5 5. Nf3 e6 6. Nh4 Be4 7. f3 Bg6 8. g3
a6 9. cxd5 cxd5 10. Nxg6 hxg6 11. e4 Nc6 12. e5 Nd7 13. f4 Qb6 14. Ne2 g5
15. fxg5 Bb4+ 16. Kf2 Ndxe5 17. Kg2 Ng6 18. Be3 Nge7 19. Bf2 Nf5 20. h4 Be7
21. Rb1 Rc8 22. g4 Nd6 23. Nc3 Na5 24. Bd3 Nac4 25. Qe2 g6 26. b3 Ne3+ 27.
Qxe3 Rxc3 28. Rbc1 Rxc1 29. Rxc1 Kd7 30. Bg3 Qa5 31. Bb1 Rc8 32. Rxc8 Nxc8
33. h5 gxh5 34. gxh5 Qa3 35. Bf2 Qb2 36. Bd3 Bf8 37. h6 Ne7 38. Qf4 Qc3 39.
Bh7 Ke8 40. Bg8 { Black resigns } 1-0

[Event "ICC tourney 2163 (75 10)"]
[Site "Internet Chess Club"]
[Date "2020.11.27"]
[Round "2"]
[White "phoenix10q72"]
[Black "shianen"]
[Result "1/2-1/2"]
[ICCResult "Game drawn by mutual agreement"]
[WhiteElo "2264"]
[BlackElo "2197"]
[Opening "French: Rubinstein variation"]
[ECO "C10"]
[NIC "FR.07"]
[Time "14:46:21"]
[PlyCount "100"]
[TimeControl "4500+10"]


1. e4 e6 2. d4 d5 3. Nc3 dxe4 4. Nxe4 Nd7 5. Nf3 Ngf6 6. Nxf6+ Nxf6 7. Bd3
c5 8. O-O Be7 9. c3 O-O 10. Be3 b6 11. Qe2 Bb7 12. Rad1 Qc7 13. Ne5 Bd6 14.
f4 Nd5 15. Bd2 Rfe8 16. Rf3 g6 17. Rg3 Ne7 18. Qg4 Kg7 19. Re1 Bc8 20. Rh3
Nf5 21. Bxf5 exf5 22. Qg5 Kg8 23. Qh6 f6 24. Nxg6 Rxe1+ 25. Bxe1 Qg7 26.
Qxg7+ Kxg7 27. Nh4 cxd4 28. cxd4 Bxf4 29. Rf3 Bc1 30. Bc3 f4 31. d5 Be3+
32. Kh1 Bg4 33. Rf1 Rd8 34. h3 Bc8 35. Rd1 Be6 36. d6 Bc5 37. Rf1 Rxd6 38.
Kh2 Be3 39. g4 Kf7 40. Ng2 Bc4 41. Re1 Re6 42. b3 Bd5 43. Nxe3 fxe3 44. Kg3
Kg6 45. Bd4 e2 46. Kf2 f5 47. gxf5+ Kxf5 48. Rxe2 Rxe2+ 49. Kxe2 Ke4 50.
Bf6 a6 { Game drawn by mutual agreement } 1/2-1/2

[Event "ICC tourney 2163 (75 10)"]
[Site "Internet Chess Club"]
[Date "2020.11.27"]
[Round "2"]
[White "NightMovesTN"]
[Black "Sergeiaza"]
[Result "1/2-1/2"]
[ICCResult "Game drawn by mutual agreement"]
[WhiteElo "2394"]
[BlackElo "2679"]
[Opening "Queen's pawn game"]
[ECO "A46"]
[NIC "QP.05"]
[Time "14:46:26"]
[PlyCount "91"]
[TimeControl "4500+10"]


1. d4 Nf6 2. Nf3 e6 3. Bf4 b6 4. h3 Ba6 5. Nbd2 c5 6. c3 cxd4 7. cxd4 Nc6
8. a3 Be7 9. Qa4 Qc8 10. Rc1 O-O 11. b4 Nd5 12. Bg3 b5 13. Qb3 f5 14. e3
Qe8 15. Bd3 Qh5 16. O-O Kh8 17. e4 fxe4 18. Bxe4 Bb7 19. Bxd5 Qxd5 20. Qxd5
exd5 21. Rfe1 Bf6 22. Nb3 a5 23. Nc5 Bc8 24. Bd6 Rg8 25. Ne5 Bxe5 26. Bxe5
axb4 27. axb4 Nxb4 28. Rb1 Nc2 29. Re2 d6 30. Bxd6 Bf5 31. Rb2 Nxd4 32.
Red2 Nc6 33. Rxb5 d4 34. Nb3 Rgd8 35. Bc7 Rd7 36. Bb6 Be6 37. Nxd4 h6 38.
Rbb2 Nxd4 39. Rxd4 Rb8 40. Rxd7 Bxd7 41. g4 Kh7 42. f4 h5 43. f5 hxg4 44.
hxg4 Kg8 45. Kf2 g6 46. fxg6 { Game drawn by mutual agreement } 1/2-1/2

[Event "ICC tourney 2163 (75 10)"]
[Site "Internet Chess Club"]
[Date "2020.11.27"]
[Round "2"]
[White "sriramk"]
[Black "pandaexpress"]
[Result "0-1"]
[ICCResult "White resigns"]
[WhiteElo "2192"]
[BlackElo "2420"]
[Opening "Sicilian: Taimanov variation"]
[ECO "B48"]
[NIC "SI.40"]
[Time "14:46:21"]
[PlyCount "76"]
[TimeControl "4500+10"]


1. e4 c5 2. Nf3 e6 3. d4 cxd4 4. Nxd4 Nc6 5. Nc3 Qc7 6. Be3 a6 7. Qf3 Bd6
8. O-O-O Be5 9. Kb1 Nf6 10. g3 O-O 11. Bg2 b5 12. Rhe1 Bb7 13. a3 Rac8 14.
Qe2 Rfe8 15. f4 Bxd4 16. Bxd4 Nxd4 17. Rxd4 e5 18. fxe5 Qxe5 19. Qd3 d5 20.
Re2 Rc4 21. Rxc4 bxc4 22. Qd2 d4 23. Nd1 Nxe4 24. Qe1 f5 25. Ka1 d3 26.
cxd3 cxd3 27. Re3 Rd8 28. Qb4 Qb5 29. Qxb5 axb5 30. Bf1 d2 31. Bxb5 Rc8 32.
Be2 Ba6 33. Bxa6 Rc1+ 34. Ka2 Rxd1 35. Bc4+ Kf8 36. Rd3 Rc1 37. Bb3 Nc5 38.
Rxd2 Ra1+ { White resigns } 0-1

[Event "ICC tourney 2163 (75 10)"]
[Site "Internet Chess Club"]
[Date "2020.11.27"]
[Round "2"]
[White "lmperatorX"]
[Black "espark"]
[Result "1-0"]
[ICCResult "Black resigns"]
[WhiteElo "2113"]
[BlackElo "2327"]
[Opening "Two knights defense (Modern bishop's opening)"]
[ECO "C55"]
[NIC "IG.01"]
[Time "14:46:19"]
[PlyCount "131"]
[TimeControl "4500+10"]


1. e4 e5 2. Nf3 Nc6 3. Bc4 Nf6 4. d3 h6 5. O-O d6 6. a4 g5 7. c3 Bg7 8.
Nbd2 O-O 9. h3 Ne7 10. Re1 Ng6 11. Nf1 c6 12. Qc2 d5 13. Bb3 Re8 14. Ng3
Qc7 15. Be3 Be6 16. Rad1 a5 17. Nd2 Rad8 18. d4 dxe4 19. Bxe6 Rxe6 20.
Ngxe4 Nxe4 21. Nxe4 exd4 22. cxd4 Ne7 23. Nc5 Red6 24. h4 Rd5 25. hxg5 hxg5
26. Ne4 f6 27. Qb3 Kh8 28. Nc3 R5d7 29. Ne4 Nd5 30. Bxg5 fxg5 31. Qh3+ Kg8
32. Nxg5 Rd6 33. Qh7+ Kf8 34. Ne6+ Rxe6 35. Rxe6 Qf7 36. Re4 Nf6 37. Qh4
Ra8 38. Rf4 Kg8 39. Rd3 Re8 40. Rdf3 Re1+ 41. Kh2 Qh5 42. Qxh5 Nxh5 43. Rf5
Nf6 44. Rxf6 Bxf6 45. Rxf6 Rb1 46. f3 Rxb2 47. Rf5 b6 48. Rf6 b5 49. Rxc6
bxa4 50. Rc5 Rd2 51. d5 a3 52. Rxa5 a2 53. Kh3 Kf7 54. g4 Kf6 55. d6 Ke6
56. Ra6 Rf2 57. Kg3 Rd2 58. f4 Re2 59. f5+ Kd7 60. Kf4 Rf2+ 61. Kg5 Rg2 62.
Kh5 Rd2 63. g5 Rd5 64. f6 Rd2 65. Kh6 Ke6 66. Kg7 { Black resigns } 1-0

[Event "ICC tourney 2163 (75 10)"]
[Site "Internet Chess Club"]
[Date "2020.11.27"]
[Round "2"]
[White "KRASAVCHIK"]
[Black "dopolian"]
[Result "1-0"]
[ICCResult "Black resigns"]
[WhiteElo "2648"]
[BlackElo "2269"]
[Opening "Ruy Lopez: four knights (Tarrasch) variation"]
[ECO "C77"]
[NIC "RL.12"]
[Time "14:46:23"]
[PlyCount "129"]
[TimeControl "4500+10"]


1. e4 e5 2. Nf3 Nc6 3. Bb5 a6 4. Ba4 Nf6 5. Nc3 b5 6. Bb3 Be7 7. a4 b4 8.
Nd5 Na5 9. Ba2 Nxd5 10. Bxd5 c6 11. Ba2 d6 12. d4 Qc7 13. O-O O-O 14. h3
exd4 15. Nxd4 Bf6 16. Bf4 Rd8 17. Rb1 Qb6 18. Be3 c5 19. Ne2 b3 20. cxb3
Be6 21. Nf4 Bxb3 22. Nd5 Bxd1 23. Nxb6 Rab8 24. Rfxd1 Rxb6 25. b4 Nb7 26.
Bd5 Rb8 27. bxc5 Nxc5 28. Rxb6 Rxb6 29. Rc1 Rb4 30. Bxc5 dxc5 31. Rxc5 g5
32. g3 Rxa4 33. Rc7 Kg7 34. Rxf7+ Kg6 35. Kg2 Rd4 36. Ra7 Rd2 37. Rxa6 Kg7
38. Ra3 Bd4 39. Rf3 Rb2 40. Rf5 h6 41. e5 Rb5 42. e6 Bf6 43. g4 Ra5 44. Kf3
Ra3+ 45. Ke2 Ra5 46. Kd3 Ra3+ 47. Kc2 Rc3+ 48. Kb1 Rd3 49. f3 Rd2 50. Kc1
Rh2 51. Kd1 Kg6 52. Be4 Kg7 53. Bd5 Kg6 54. Bc6 Kg7 55. Be8 Ra2 56. Bh5 Ra7
57. Kd2 Re7 58. Bf7 Rb7 59. Be8 Rb6 60. Bd7 Rb3 61. Bc6 Rb6 62. Bd5 Rb4 63.
Kd3 Ra4 64. e7 Ra3+ 65. Ke2 { Black resigns } 1-0

[Event "ICC tourney 2163 (75 10)"]
[Site "Internet Chess Club"]
[Date "2020.11.27"]
[Round "2"]
[White "GGuseinov"]
[Black "wolverine54"]
[Result "1/2-1/2"]
[ICCResult "Game drawn by repetition"]
[WhiteElo "2715"]
[BlackElo "2286"]
[Opening "Ruy Lopez: exchange variation, Alapin gambit"]
[ECO "C68"]
[NIC "RL.08"]
[Time "14:47:09"]
[PlyCount "154"]
[TimeControl "4500+10"]


1. e4 e5 2. Nf3 Nc6 3. Bb5 a6 4. Bxc6 dxc6 5. O-O Bg4 6. h3 h5 7. d3 Qf6 8.
Nbd2 Bd6 9. Nc4 Bxf3 10. Qxf3 Qxf3 11. gxf3 f6 12. f4 exf4 13. Nxd6+ cxd6
14. Bxf4 Kd7 15. a4 Ne7 16. a5 d5 17. f3 Rag8 18. Rae1 g5 19. Bg3 f5 20.
exd5 Nxd5 21. c4 Ne3 22. Rxe3 f4 23. Re5 fxg3 24. f4 gxf4 25. Rxf4 Re8 26.
Rf7+ Kc8 27. Rxe8+ Rxe8 28. Rf5 h4 29. Kf1 Rh8 30. Kg2 Rh7 31. Rf4 Kd7 32.
d4 Ke6 33. Rg4 Kf5 34. Kf3 Rh6 35. b3 Rg6 36. Rf4+ Kg5 37. Rg4+ Kf5 38. b4
Rh6 39. Kg2 Rh7 40. Kf1 Kf6 41. Re4 Kf5 42. Re5+ Kf6 43. Re4 Kf5 44. Rg4
Kf6 45. Ke2 Rg7 46. Kf3 Rh7 47. Rf4+ Kg6 48. Kg2 Kg5 49. Kf3 Kg6 50. Kg2
Kg5 51. Re4 Kf5 52. Rg4 Kf6 53. Kg1 Kf5 54. Kf1 Kf6 55. Ke2 Re7+ 56. Kf3
Rg7 57. Rf4+ Ke6 58. Kg2 Rh7 59. Rf8 Rd7 60. Rf4 Rh7 61. Kg1 Rh6 62. Kh1
Rh7 63. Kg2 Rh6 64. Re4+ Kd6 65. Rg4 Rh7 66. Rg6+ Ke7 67. d5 cxd5 68. cxd5
Rf7 69. Rh6 Rf4 70. Rb6 Rd4 71. Rxb7+ Kd6 72. b5 axb5 73. Rxb5 Rd2+ 74. Kg1
Rd1+ 75. Kg2 Rd2+ 76. Kg1 Rd1+ 77. Kg2 Rd2+ { Game drawn by repetition }
1/2-1/2

[Event "ICC tourney 2163 (75 10)"]
[Site "Internet Chess Club"]
[Date "2020.11.27"]
[Round "2"]
[White "Terry1234"]
[Black "helavir"]
[Result "1-0"]
[ICCResult "Black resigns"]
[WhiteElo "2285"]
[BlackElo "2633"]
[Opening "Queen's gambit declined"]
[ECO "D30"]
[NIC "QP.08"]
[Time "14:47:11"]
[PlyCount "113"]
[TimeControl "4500+10"]


1. d4 d5 2. c4 e6 3. Nf3 Nf6 4. g3 c6 5. Bg2 dxc4 6. O-O b5 7. a4 Bb7 8.
Ne5 Qc8 9. Nc3 a6 10. e4 Be7 11. g4 O-O 12. g5 Nfd7 13. Ng4 b4 14. Ne2 Rd8
15. Ng3 c5 16. d5 Nb6 17. a5 Nxd5 18. exd5 Bxd5 19. Bxd5 Rxd5 20. Qe2 Bxg5
21. Bxg5 Rxg5 22. h4 Rd5 23. Ne3 Nc6 24. Qxc4 Re5 25. Qf4 Qb7 26. Rfd1 Qc7
27. Kh2 Rc8 28. Rac1 Nxa5 29. Qxb4 h6 30. Qf4 c4 31. b4 g5 32. hxg5 hxg5
33. Qf6 Nc6 34. Rxc4 Rb5 35. Ng4 Rf8 36. Rdc1 Qe7 37. Rxc6 Qxf6 38. Nxf6+
Kg7 39. Nge4 Rh8+ 40. Kg3 Rxb4 41. Rc8 Rb8 42. Rxh8 Rxh8 43. Kg4 Ra8 44.
Kxg5 a5 45. Nh5+ Kf8 46. Kf6 e5 47. Kxe5 a4 48. Nhf6 a3 49. Ra1 a2 50. Kd4
Ke7 51. Kc3 Ke6 52. Kb2 Rb8+ 53. Kxa2 Ke5 54. Rb1 Ra8+ 55. Kb2 Ra4 56. Kc3
Ra3+ 57. Kd2 { Black resigns } 1-0

[Event "ICC tourney 2163 (75 10)"]
[Site "Internet Chess Club"]
[Date "2020.11.27"]
[Round "2"]
[White "jy2020"]
[Black "Markss1420"]
[Result "0-1"]
[ICCResult "White resigns"]
[WhiteElo "2218"]
[BlackElo "2108"]
[Opening "Robatsch (modern) defense"]
[ECO "B06"]
[NIC "KF.06"]
[Time "14:46:23"]
[PlyCount "136"]
[TimeControl "4500+10"]


1. e4 g6 2. d4 d6 3. Nc3 c6 4. Be3 Bg7 5. Qd2 Qc7 6. f3 b5 7. Bd3 Nd7 8.
Nge2 a6 9. a4 b4 10. Nd1 c5 11. b3 Rb8 12. Nb2 Ngf6 13. Rd1 O-O 14. O-O Re8
15. Nc4 a5 16. d5 Ba6 17. Ng3 h5 18. h4 Bxc4 19. Bxc4 Kh7 20. Nh1 Ne5 21.
Bb5 Nfd7 22. Nf2 Rf8 23. f4 Ng4 24. Nxg4 hxg4 25. Qe2 f5 26. Bd3 Kh8 27.
Bf2 Nb6 28. Bb5 Rf7 29. g3 Qc8 30. e5 Qc7 31. Rfe1 Rd8 32. Bc6 Kh7 33. Kh2
Nc8 34. e6 Rff8 35. Kg2 Kh6 36. h5 gxh5 37. Rh1 Rh8 38. Qd3 Kg6 39. Rh2
Rdf8 40. Rdh1 Na7 41. Bd7 Qb7 42. Kf1 Nc8 43. Bc6 Qa7 44. Ke2 Nb6 45. Kd1
Na8 46. Bb5 Nc7 47. Bc4 Ne8 48. Be1 Nf6 49. Re2 Ne8 50. Bb5 Bd4 51. Bxe8+
Rxe8 52. c4 bxc3 53. Bxc3 Bxc3 54. Qxc3 Qb7 55. Rd2 Qb4 56. Qxb4 cxb4 57.
Rc2 Rc8 58. Rhh2 Rxc2 59. Rxc2 h4 60. gxh4 Rxh4 61. Rc8 g3 62. Rg8+ Kf6 63.
Ke2 Rxf4 64. Rxg3 Rd4 65. Rh3 Rxd5 66. Rh6+ Kg5 67. Rh7 Re5+ 68. Kf3 Rxe6 {
White resigns } 0-1

[Event "ICC tourney 2163 (75 10)"]
[Site "Internet Chess Club"]
[Date "2020.11.27"]
[Round "2"]
[White "TjkTiger"]
[Black "Kalmyk"]
[Result "1/2-1/2"]
[ICCResult "Game drawn by repetition"]
[WhiteElo "2605"]
[BlackElo "2763"]
[Opening "QGD: exchange, positional line, 5...c6"]
[ECO "D35"]
[NIC "QO.16"]
[Time "14:47:15"]
[PlyCount "163"]
[TimeControl "4500+10"]


1. c4 e6 2. Nc3 d5 3. d4 Nf6 4. cxd5 exd5 5. Bg5 c6 6. e3 Be7 7. Bd3 Nbd7
8. h3 Nf8 9. Nf3 Ne6 10. Bh4 O-O 11. O-O g6 12. Rb1 a5 13. a3 Ng7 14. Ne5
Bf5 15. Bg3 Bd6 16. Bh4 Be7 17. Bg3 Bxd3 18. Qxd3 Nf5 19. Bh2 Nd7 20. Nxd7
Qxd7 21. Na4 Qd8 22. Rfc1 Bd6 23. Bxd6 Nxd6 24. Nc5 a4 25. Qc2 b5 26. e4
dxe4 27. Nxe4 Re8 28. Re1 Nxe4 29. Rxe4 Qf6 30. Rbe1 Rxe4 31. Rxe4 Rd8 32.
Qc3 Rd5 33. Re5 Qd6 34. Rxd5 Qxd5 35. Qe3 Kf8 36. g4 g5 37. f3 h6 38. Kg2
Qc4 39. Qe5 Qc2+ 40. Kg3 Qc1 41. Qb8+ Ke7 42. Qc7+ Ke6 43. d5+ Kxd5 44.
Qxf7+ Kd4 45. Qf6+ Kd3 46. Qg6+ Kd2 47. Qd6+ Kc2 48. Qxc6+ Kxb2 49. Qxb5+
Kxa3 50. Qd3+ Kb4 51. Qe4+ Qc4 52. Qe1+ Kb5 53. Qe8+ Qc6 54. Qe2+ Kb6 55.
Qe3+ Qc5 56. Qe6+ Ka5 57. Qe1+ Kb6 58. Qe6+ Kc7 59. Qf7+ Kc6 60. Qe8+ Kb7
61. Qe4+ Kc7 62. Qh7+ Kb8 63. Qb1+ Kc8 64. h4 a3 65. hxg5 hxg5 66. Kh3 Qc3
67. Qf5+ Kc7 68. Qf7+ Kc6 69. Qg6+ Kb5 70. Qxg5+ Ka4 71. Qd5 Qc2 72. Qd4+
Kb3 73. Qd5+ Kb2 74. Qe5+ Qc3 75. Qe2+ Kb1 76. Qd1+ Qc1 77. Qd3+ Kb2 78.
Qe2+ Qc2 79. Qe5+ Qc3 80. Qe2+ Kb1 81. Qd1+ Kb2 82. Qe2+ { Game drawn by
repetition } 1/2-1/2

[Event "ICC tourney 2163 (75 10)"]
[Site "Internet Chess Club"]
[Date "2020.11.27"]
[Round "3"]
[White "dopolian"]
[Black "Markss1420"]
[Result "1-0"]
[ICCResult "Black resigns"]
[WhiteElo "2269"]
[BlackElo "2108"]
[Opening "Robatsch (modern) defense"]
[ECO "B06"]
[NIC "KF.06"]
[Time "18:31:22"]
[PlyCount "43"]
[TimeControl "4500+10"]


1. e4 g6 2. d4 d6 3. f4 c6 4. Nc3 d5 5. e5 h5 6. Nf3 Nh6 7. Be2 Bg7 8. O-O
O-O 9. Be3 Bg4 10. h3 Bxf3 11. Bxf3 Nf5 12. Bf2 h4 13. Bg4 e6 14. Bxf5 exf5
15. Qe1 Qb6 16. Rb1 f6 17. Na4 Qa6 18. Nc5 Qxa2 19. e6 b6 20. e7 Re8 21.
Qe6+ Kh7 22. Qf7 { Black resigns } 1-0

[Event "ICC tourney 2163 (75 10)"]
[Site "Internet Chess Club"]
[Date "2020.11.27"]
[Round "3"]
[White "helavir"]
[Black "binomialfactor"]
[Result "1-0"]
[ICCResult "Black resigns"]
[WhiteElo "2633"]
[BlackElo "2171"]
[Opening "Caro-Kann: advance variation"]
[ECO "B12"]
[NIC "CK.04"]
[Time "18:32:02"]
[PlyCount "69"]
[TimeControl "4500+10"]


1. e4 c6 2. d4 d5 3. e5 Bf5 4. Nf3 e6 5. Be2 c5 6. Be3 Qb6 7. Nc3 Nc6 8.
O-O Qxb2 9. Qe1 cxd4 10. Bxd4 Nxd4 11. Nxd4 Bb4 12. Ndb5 Rc8 13. Rb1 Bxc3
14. Nd6+ Kd7 15. Rxb2 Bxe1 16. Rxb7+ Kc6 17. Bb5+ Kc5 18. Nxc8 Bd2 19. Nd6
Nh6 20. Rc7+ Kd4 21. Rd1 Kxe5 22. Nxf5 Nxf5 23. Rxd2 Rb8 24. Bf1 Nd6 25.
Rxa7 Rb1 26. g3 Ne4 27. Rd3 Nc5 28. Re3+ Kf6 29. Rf3+ Kg6 30. Rfxf7 Ne4 31.
Kg2 Nf6 32. Bd3+ Kh6 33. Rxf6+ gxf6 34. Rxh7+ Kg5 35. h4+ { Black resigns }
1-0

[Event "ICC tourney 2163 (75 10)"]
[Site "Internet Chess Club"]
[Date "2020.11.27"]
[Round "3"]
[White "wolverine54"]
[Black "lmperatorX"]
[Result "1-0"]
[ICCResult "Black resigns"]
[WhiteElo "2286"]
[BlackElo "2113"]
[Opening "Sicilian: Najdorf, Adams attack"]
[ECO "B90"]
[NIC "SI.14"]
[Time "18:31:20"]
[PlyCount "53"]
[TimeControl "4500+10"]


1. e4 c5 2. Nf3 d6 3. d4 cxd4 4. Nxd4 Nf6 5. Nc3 a6 6. h3 e6 7. g4 b5 8. a3
Bb7 9. Bg2 Be7 10. O-O Nfd7 11. f4 O-O 12. f5 e5 13. Nb3 Nc6 14. Be3 Nb6
15. Nd5 Nxd5 16. exd5 Na5 17. Nxa5 Qxa5 18. f6 Bxf6 19. Rxf6 gxf6 20. Qf3
Qd8 21. Rf1 Qe7 22. Qg3 Kh8 23. Qh4 Rae8 24. Rf5 Rg8 25. Rh5 Rg7 26. Bh6
Rgg8 27. Bf8 { Black resigns } 1-0

[Event "ICC tourney 2163 (75 10)"]
[Site "Internet Chess Club"]
[Date "2020.11.27"]
[Round "3"]
[White "ShadowApt"]
[Black "jy2020"]
[Result "1/2-1/2"]
[ICCResult "Game drawn by mutual agreement"]
[WhiteElo "2110"]
[BlackElo "2218"]
[Opening "Sicilian: closed"]
[ECO "B23"]
[NIC "SI.44"]
[Time "18:31:21"]
[PlyCount "79"]
[TimeControl "4500+10"]


1. e4 c5 2. Nc3 d6 3. f4 g6 4. Nf3 Bg7 5. Bc4 Nc6 6. O-O e6 7. d4 cxd4 8.
Nb5 Nge7 9. Nfxd4 Nxd4 10. Nxd4 O-O 11. Be3 a6 12. Qd2 Qc7 13. Bb3 Bd7 14.
f5 exf5 15. exf5 Nxf5 16. Nxf5 Bxf5 17. Bh6 Qc5+ 18. Kh1 Rad8 19. Rf3 Rfe8
20. Raf1 Re5 21. g4 Be4 22. Qf4 Bxf3+ 23. Qxf3 Qc6 24. Qxc6 bxc6 25. Rxf7
Bxh6 26. Rd7+ d5 27. Rxd8+ Kf7 28. Rc8 Re6 29. Ba4 Re4 30. Bxc6 Rxg4 31.
Bxd5+ Ke7 32. Rc7+ Kd6 33. Rxh7 Bc1 34. Bb7 Bxb2 35. Bxa6 Ra4 36. Bd3 g5
37. Rh6+ Kc5 38. Rh5 Bc1 39. Kg2 Kb6 40. Rh6+ { Game drawn by mutual
agreement } 1/2-1/2